Sewer Rats vs Harfangs
(R1)
Created - January 11, 2019 at 19:26
Goals
|
| Sewer Rats |
4 |
2 |
1 |
0 |
2 |
8 |
| Harfangs |
2 |
2 |
3 |
0 |
1 |
7 |
|
Shots
|
| Sewer Rats |
16 |
9 |
7 |
0 |
4 |
32 |
| Harfangs |
17 |
12 |
10 |
2 |
4 |
41 |
|
1st period
1. Sewer Rats , Xavier Ouellet 1 (Vincent Trocheck 16, Jonathan Huberdeau 20) at 2:54
2. Harfangs , Brandon Pirri 9 (Dustin Jeffrey 5, Calle Jarnkrok 27) at 8:18
3. Harfangs , Ryan Hartman 5 (Steve McCarthy 3, Andreas Martinsen 18) at 15:14
4. Sewer Rats , Mark Mancari 23 (Unassisted) at 15:21
5. Sewer Rats , Jonathan Huberdeau 14 (Jonathan Marchessault 20, Steven Kampfer 18) at 17:48 (PP)
6. Sewer Rats , Steven Kampfer 4 (Jonathan Marchessault 21, Ville Leino 36) at 18:38
Penalties :
William Karlsson (Tol) for Hooking (Minor) at 10:36, Calle Jarnkrok (BEA) for Hooking (Minor) at 16:57
2nd period
7. Harfangs , Jimmy Hayes 26 (Dylan Olsen 11, Cody Eakin 26) at 8:12 (PP)
8. Sewer Rats , Dmitrij Jaskin 10 (Nick Cousins 8, Anthony Duclair 3) at 9:34
9. Sewer Rats , Anthony Duclair 2 (William Karlsson 15, Erik Condra 5) at 13:50
10. Harfangs , Dylan Olsen 10 (Brandon Pirri 10, Calle Jarnkrok 28) at 17:27
Penalties :
Mark Mancari (Tol) for Holding (Minor) at 3:05, John Ramage (Tol) for Roughing (Minor) at 7:29, Nick Cousins (Tol) for Interference (Minor) at 10:49
3rd period
11. Harfangs , Steve McCarthy 1 (Victor Bartley 9) at 6:36 (PP)
12. Harfangs , Calle Jarnkrok 16 (Brandon Pirri 11) at 7:15
13. Harfangs , Cody Eakin 13 (Dylan Olsen 12) at 7:27
14. Sewer Rats , Vincent Trocheck 9 (Ville Leino 37, Mark Mancari 26) at 19:18
Penalties :
Matt Lashoff (Tol) for Hooking (Minor) at 6:00, Vincent Trocheck (Tol) for Slashing (Minor) at 7:35, Ville Leino (Tol) for Hooking (Minor) at 8:22, Andreas Martinsen (BEA) for Hooking (Minor) at 15:19
Overtime #1
No Goal
Penalties :
Mark Mancari (Tol) for Slashing (Minor) at 0:15
Shootout
Sewer Rats, Ville Leino - Stopped by Mark Visentin
Harfangs, Jimmy Hayes - Stopped by Marek Mazanek
Sewer Rats, Mark Mancari - Stopped by Mark Visentin
Harfangs, Cody Eakin - Stopped by Marek Mazanek
Sewer Rats, Erik Condra - Goal!
Harfangs, Michael Bournival - Goal!
Sewer Rats, Jonathan Huberdeau - Goal!
Harfangs, Dustin Jeffrey - Shot Misses the Net
Penalties :
No Penalty
Goalie Stats
Marek Mazanek (Tol), 34 saves from 41 shots - (0.829), W, 22-4-3, 64:46 minutes
Anton Forsberg (BEA), 10 saves from 14 shots - (0.714), 18:38 minutes
Mark Visentin (BEA), 15 saves from 18 shots - (0.833), OTL, 1-1-1, 46:22 minutes
Players Stats for Sewer Rats
Player Name G A P +/- PIM S H SB GA TA FO MP PP MP PK MP
------------------------------------------------------------------------------------
Anthony Duclair 1 1 2 2 0 1 0 0 0 1 0/0 8:00 0:00 0:00
Connor Carrick 0 0 0 3 0 0 0 0 0 0 0/0 5:25 0:00 0:00
Daniel Carr 0 0 0 0 0 2 0 0 2 0 1/3 11:00 0:11 0:23
Dmitrij Jaskin 1 0 1 2 0 2 1 0 0 0 0/0 8:15 0:00 0:00
Erik Condra 0 1 1 0 0 2 1 0 1 0 0/0 13:26 1:06 1:28
Jarred Tinordi 0 0 0 -2 0 0 3 0 0 0 0/0 19:45 0:55 4:41
Joel Edmundson 0 0 0 -2 0 0 1 0 0 0 0/0 19:44 0:55 4:41
John Ramage 0 0 0 -1 2 1 0 0 0 1 0/0 9:49 0:00 0:00
Jonathan Huberdeau 1 1 2 0 0 5 5 0 1 1 1/2 22:01 1:06 3:00
Jonathan Marchessault 0 2 2 -2 0 3 1 0 0 0 4/9 13:21 1:06 0:00
Mark Mancari 1 1 2 0 4 1 2 1 3 1 1/1 23:53 1:33 4:23
Martin Frk 0 0 0 -2 0 0 1 0 0 0 0/2 15:55 0:00 2:51
Matt Lashoff 0 0 0 1 2 1 1 1 2 0 0/0 29:33 1:55 6:54
Nick Cousins 0 1 1 2 2 1 0 0 0 0 1/1 8:03 0:00 0:00
Ryan Murphy 0 0 0 -1 0 0 0 0 0 0 0/0 10:16 0:00 0:26
Steven Kampfer 1 1 2 1 0 3 0 1 1 3 0/0 30:00 1:55 7:20
Ville Leino 0 2 2 -1 2 5 2 2 0 0 4/14 21:34 1:44 6:07
Vincent Trocheck 1 1 2 1 2 4 1 0 0 1 18/35 19:32 1:33 1:33
William Karlsson 0 1 1 0 2 0 0 0 1 0 1/6 11:40 0:11 1:05
Xavier Ouellet 1 0 1 3 0 1 0 0 0 0 0/0 5:25 0:00 0:00
Players Stats for Harfangs
Player Name G A P +/- PIM S H SB GA TA FO MP PP MP PK MP
------------------------------------------------------------------------------------
Andreas Martinsen 0 1 1 0 2 6 1 0 1 2 0/0 12:15 0:00 0:00
Blake Heinrich 0 0 0 0 0 0 0 0 0 0 0/0 0:00 0:00 0:00
Brandon Pirri 1 2 3 1 0 5 2 0 1 0 0/1 17:45 4:23 0:00
Brendan Leipsic 0 0 0 0 0 0 0 0 0 0 0/0 0:00 0:00 0:00
Brenden Kichton 0 0 0 1 0 0 0 0 0 1 0/0 5:04 0:00 0:00
Calle Jarnkrok 1 2 3 1 2 2 0 0 0 0 9/13 17:44 4:23 0:00
Cody Eakin 1 1 2 -1 0 4 1 0 0 0 20/33 25:21 5:31 1:47
Colton Sissons 0 0 0 -1 0 0 0 0 0 0 2/4 5:38 0:00 0:00
Cristoval Nieves 0 0 0 0 0 0 0 0 0 0 0/0 2:07 0:08 0:00
Dustin Jeffrey 0 1 1 1 0 0 1 0 2 0 0/1 19:06 4:23 0:34
Dylan Olsen 1 2 3 1 0 1 3 0 1 1 0/0 21:16 3:45 0:45
Erik Nystrom 0 0 0 0 0 0 0 0 0 0 0/0 5:37 0:13 0:00
Jake Dotchin 0 0 0 -1 0 0 1 1 0 0 0/0 9:15 0:00 0:00
Jimmy Hayes 1 0 1 -2 0 4 4 0 2 2 7/12 27:37 5:34 1:46
Jujhar Khaira 0 0 0 -1 0 2 0 0 0 0 0/0 5:38 0:00 0:00
Laurent Dauphin 0 0 0 0 0 0 0 0 0 0 0/0 0:00 0:00 0:00
Mark Alt 0 0 0 1 0 4 2 0 0 2 0/0 21:16 3:45 0:45
Michael Bournival 0 0 0 -1 0 7 2 0 1 1 0/1 23:10 5:31 0:46
Morgan Klimchuk 0 0 0 0 0 0 0 0 0 0 0/0 1:01 0:00 0:30
Oscar Sundqvist 0 0 0 0 0 1 0 0 0 1 4/8 12:15 0:00 0:17
Reid McNeill 0 0 0 -1 0 1 0 1 0 0 0/0 9:15 0:00 0:00
Ryan Hartman 1 0 1 0 0 1 0 0 0 0 0/0 11:54 0:00 0:00
Steve McCarthy 1 1 2 -2 0 3 0 2 0 0 0/0 29:25 6:17 2:05
Victor Bartley 0 1 1 -2 0 0 2 1 0 1 0/0 29:25 6:17 2:05
Zac Leslie 0 0 0 1 0 0 0 1 0 0 0/0 5:04 0:00 0:00
3 Stars
1 - Dylan Olsen (BEA)
2 - Brandon Pirri (BEA)
3 - Jonathan Huberdeau (Tol)
Power Play
Sewer Rats - 1 on 1 Attempt(s) - 100.00%
Harfangs - 2 on 10 Attempt(s) - 20.00%
Penalty Kill
Sewer Rats - 8 on 10 Attempt(s) - 80.00%
- Score 0 goal in Penalty Kill
Harfangs - 0 on 1 Attempt(s) - 0.00%
- Score 0 goal in Penalty Kill
Team Stat
Sewer Rats - Hits : 19 - Faceoff Wins : 31 - Blocked Shots : 5 - Penalty Minutes : 16
Harfangs - Hits : 19 - Faceoff Wins : 42 - Blocked Shots : 6 - Penalty Minutes : 4
Official
Referees : Unknown
Linesman : Unknown
Game Notes
15:21 of 1st period - Penalty Shot by Mark Mancari for Sewer Rats - Goal!
17:14 of 1st period - Sewer Rats goal is going for a video replay. After video review, No Goal. The net was displaced accidentally.
Mark Visentin enters game at 18:38 of 1st period
17:19 of 2nd period - Penalty Shot by Mark Mancari for Sewer Rats - Shot Misses the Net
Finance
Level 1 -- Attendance: 1538 (76.90%) -- Ticket Income $52,292
Level 2 -- Attendance: 752 (75.20%) -- Ticket Income $14,288
Total Attendance: 2290 (76.33%)
Total Ticket Income: $66,580
Other Income: $3,329
Total Income: $69,909
Sewer Rats
5 vs 5 Forward
Center Left Wing Right Wing Time % Phy DF OF
1 Vincent Trocheck Jonathan Huberdeau Mark Mancari 40 1 2 2
2 Jonathan Marchessault Ville Leino Martin Frk 30 1 2 2
3 William Karlsson Daniel Carr Erik Condra 20 1 2 2
4 Nick Cousins Anthony Duclair Dmitrij Jaskin 10 1 2 2
5 vs 5 Defense
Defense Defense Time % Phy DF OF
1 Matt Lashoff Steven Kampfer 40 1 2 2
2 Jarred Tinordi Joel Edmundson 30 1 2 2
3 John Ramage Ryan Murphy 20 1 2 2
4 Connor Carrick Xavier Ouellet 10 1 2 2
PowerPlay Forward
Center Left Wing Right Wing Time % Phy DF OF
1 Vincent Trocheck Ville Leino Mark Mancari 60 1 2 2
2 Jonathan Marchessault Jonathan Huberdeau Erik Condra 40 1 2 2
PowerPlay Defense
Defense Defense Time % Phy DF OF
1 Matt Lashoff Steven Kampfer 60 1 2 2
2 Jarred Tinordi Joel Edmundson 40 1 2 2
Penalty Kill 4 Players Forward
Center Wing Time % Phy DF OF
1 Ville Leino Mark Mancari 60 1 2 2
2 Erik Condra Jonathan Huberdeau 40 1 2 2
Penalty Kill 4 Players Defense
Defense Defense Time % Phy DF OF
1 Matt Lashoff Steven Kampfer 60 1 2 2
2 Jarred Tinordi Joel Edmundson 40 1 2 2
Penalty Kill - 3 Players Forward
Forward Time % Phy DF OF
1 Ville Leino 60 1 2 2
2 Mark Mancari 40 1 2 2
Penalty Kill - 3 Players Defense
Defense Defense Time % Phy DF OF
1 Matt Lashoff Steven Kampfer 60 1 2 2
2 Jarred Tinordi Joel Edmundson 40 1 2 2
4 vs 4 Forward
Center Wing Time % Phy DF OF
1 Ville Leino Mark Mancari 60 1 2 2
2 Erik Condra Jonathan Huberdeau 40 1 2 2
4 vs 4 Defense
Defense Defense Time % Phy DF OF
1 Matt Lashoff Steven Kampfer 60 1 2 2
2 Jarred Tinordi Joel Edmundson 40 1 2 2
Last Minutes Offensive
Center Left Wing Right Wing Defense Defense
Vincent Trocheck Ville Leino Mark Mancari Matt Lashoff Steven Kampfer
Last Minutes Defensive
Center Left Wing Right Wing Defense Defense
Vincent Trocheck Ville Leino Mark Mancari Matt Lashoff Steven Kampfer
Goaltenders
Starting : Marek Mazanek
Backup : Antoine Bibeau
Extra Forwards
Normal : Daniel Carr, William Karlsson, Martin Frk - PP : Daniel Carr, William Karlsson - PK : Martin Frk
Extra Defensemen
Normal : John Ramage, Ryan Murphy, Connor Carrick - PP : John Ramage - PK : Ryan Murphy, Connor Carrick
Penalty Shots
Ville Leino, Mark Mancari, Erik Condra, Jonathan Huberdeau, Vincent Trocheck
Scratches
Dominik Kubalik (Healthy), Josh Archibald (Healthy), Jonathan Racine (Healthy), Joseph Blandisi (Healthy), Tyler Motte (Healthy)
Chris Calhan (Healthy), Sergei Kostenko (Healthy)
Harfangs
5 vs 5 Forward
Center Left Wing Right Wing Time % Phy DF OF
1 Cody Eakin Michael Bournival Jimmy Hayes 40 1 2 2
2 Calle Jarnkrok Dustin Jeffrey Brandon Pirri 30 1 2 2
3 Oscar Sundqvist Andreas Martinsen Ryan Hartman 20 1 2 2
4 Colton Sissons Jujhar Khaira Jimmy Hayes 10 1 2 2
5 vs 5 Defense
Defense Defense Time % Phy DF OF
1 Steve McCarthy Victor Bartley 40 1 2 2
2 Dylan Olsen Mark Alt 30 1 2 2
3 Reid McNeill Jake Dotchin 20 1 2 2
4 Brenden Kichton Zac Leslie 10 1 2 2
PowerPlay Forward
Center Left Wing Right Wing Time % Phy DF OF
1 Cody Eakin Michael Bournival Jimmy Hayes 60 1 2 2
2 Calle Jarnkrok Dustin Jeffrey Brandon Pirri 40 1 2 2
PowerPlay Defense
Defense Defense Time % Phy DF OF
1 Steve McCarthy Victor Bartley 60 1 2 2
2 Dylan Olsen Mark Alt 40 1 2 2
Penalty Kill 4 Players Forward
Center Wing Time % Phy DF OF
1 Jimmy Hayes Cody Eakin 60 1 2 2
2 Michael Bournival Dustin Jeffrey 40 1 2 2
Penalty Kill 4 Players Defense
Defense Defense Time % Phy DF OF
1 Steve McCarthy Victor Bartley 60 1 2 2
2 Dylan Olsen Mark Alt 40 1 2 2
Penalty Kill - 3 Players Forward
Forward Time % Phy DF OF
1 Jimmy Hayes 60 1 2 2
2 Cody Eakin 40 1 2 2
Penalty Kill - 3 Players Defense
Defense Defense Time % Phy DF OF
1 Steve McCarthy Victor Bartley 60 1 2 2
2 Dylan Olsen Mark Alt 40 1 2 2
4 vs 4 Forward
Center Wing Time % Phy DF OF
1 Jimmy Hayes Cody Eakin 60 1 2 2
2 Michael Bournival Dustin Jeffrey 40 1 2 2
4 vs 4 Defense
Defense Defense Time % Phy DF OF
1 Steve McCarthy Victor Bartley 60 1 2 2
2 Dylan Olsen Mark Alt 40 1 2 2
Last Minutes Offensive
Center Left Wing Right Wing Defense Defense
Cody Eakin Michael Bournival Jimmy Hayes Steve McCarthy Victor Bartley
Last Minutes Defensive
Center Left Wing Right Wing Defense Defense
Cody Eakin Michael Bournival Jimmy Hayes Steve McCarthy Victor Bartley
Goaltenders
Starting : Anton Forsberg
Backup : Mark Visentin
Extra Forwards
Normal : Erik Nystrom, Cristoval Nieves, Morgan Klimchuk - PP : Erik Nystrom, Cristoval Nieves - PK : Morgan Klimchuk
Extra Defensemen
Normal : Blake Heinrich, Reid McNeill, Jake Dotchin - PP : Blake Heinrich - PK : Reid McNeill, Jake Dotchin
Penalty Shots
Jimmy Hayes, Cody Eakin, Michael Bournival, Dustin Jeffrey, Brandon Pirri
Scratches
Nick Sorensen (Healthy), Rinat Valiev (Healthy), Tomas Kubalik (Left Eye Injury), Jason Kasdorf (Healthy), Scott Wedgewood (Healthy)
Zachary Fucale (Healthy)
% Time on Ice - Sewer Rats
Lines # - Real PCT - Wanted PCT - Time Play
Normal Forward
1 - 35% - 40% - 16:34
2 - 27% - 30% - 12:45
3 - 20% - 20% - 9:23
4 - 17% - 10% - 8:00
Normal Defense
1 - 41% - 40% - 19:00
2 - 28% - 30% - 12:53
3 - 21% - 20% - 9:50
4 - 11% - 10% - 4:59
PP Forward
1 - 61% - 60% - 1:44
2 - 39% - 40% - 1:06
PP Defense
1 - 68% - 60% - 1:55
2 - 32% - 40% - 0:55
PK Forward
1 - 83% - 60% - 7:22
2 - 17% - 40% - 1:28
PK Defense
1 - 61% - 60% - 5:24
2 - 39% - 40% - 3:26
PK3 Forward
1 - 69% - 60% - 2:12
2 - 31% - 40% - 0:59
PK3 Defense
1 - 61% - 60% - 1:56
2 - 39% - 40% - 1:15
44 Forward
1 - 48% - 60% - 1:26
2 - 52% - 40% - 1:35
44 Defense
1 - 58% - 60% - 1:45
2 - 42% - 40% - 1:16
Last Minute Offensive - 0:26
Last Minute Defensive - 0:00
Total
Forward - 65:00
Defense - 65:00
|
% Time on Ice - Harfangs
Lines # - Real PCT - Wanted PCT - Time Play
Normal Forward
1 - 33% - 40% - 15:35
2 - 29% - 30% - 13:32
3 - 26% - 20% - 11:54
4 - 12% - 10% - 5:38
Normal Defense
1 - 40% - 40% - 18:32
2 - 30% - 30% - 13:48
3 - 20% - 20% - 9:15
4 - 11% - 10% - 5:04
PP Forward
1 - 56% - 60% - 5:39
2 - 44% - 40% - 4:23
PP Defense
1 - 63% - 60% - 6:17
2 - 37% - 40% - 3:45
PK Forward
1 - 80% - 60% - 2:16
2 - 20% - 40% - 0:34
PK Defense
1 - 74% - 60% - 2:05
2 - 26% - 40% - 0:45
PK3 Forward
1 - 0% - 60%
2 - 0% - 40%
PK3 Defense
1 - 0% - 60%
2 - 0% - 40%
44 Forward
1 - 83% - 60% - 4:10
2 - 17% - 40% - 0:50
44 Defense
1 - 41% - 60% - 2:02
2 - 59% - 40% - 2:58
Last Minute Offensive - 0:00
Last Minute Defensive - 0:29
Total
Forward - 65:00
Defense - 65:00
|
Play-by-Play
1st period
0:01 of 1st period - Cody Eakin wins face-off versus Vincent Trocheck in neutral zone.
0:08 of 1st period - Snap shot by Cody Eakin.
0:08 of 1st period - Shot Misses the Net.
0:10 of 1st period - Snap shot by Victor Bartley.
0:10 of 1st period - Shot Blocked by Mark Mancari.
0:12 of 1st period - Snap shot by Michael Bournival.
0:12 of 1st period - Stopped by Marek Mazanek without a rebound.
0:13 of 1st period - Jonathan Marchessault wins face-off versus Dustin Jeffrey in Sewer Rats zone.
0:29 of 1st period - Snap shot by Brandon Pirri.
0:29 of 1st period - Shot Misses the Net.
0:39 of 1st period - Mark Alt is hit by Jarred Tinordi and loses puck.
1:08 of 1st period - Joel Edmundson is hit by Jake Dotchin and loses puck.
1:44 of 1st period - Backhand shot by Dmitrij Jaskin.
1:44 of 1st period - Deflect By Martin Frk.
1:44 of 1st period - Shot Misses the Net.
1:44 of 1st period - Puck is out of play.
1:45 of 1st period - Oscar Sundqvist wins face-off versus Jonathan Marchessault in Harfangs zone.
2:00 of 1st period - Snap shot by Oscar Sundqvist.
2:00 of 1st period - Stopped by Marek Mazanek with a rebound.
2:19 of 1st period - Wrist shot by Jimmy Hayes.
2:19 of 1st period - Stopped by Marek Mazanek with a rebound.
2:28 of 1st period - Off-side.
2:29 of 1st period - William Karlsson wins face-off versus Calle Jarnkrok in neutral zone.
2:32 of 1st period - Slapshot by Steven Kampfer.
2:32 of 1st period - Shot Misses the Net.
2:42 of 1st period - Slapshot by Brandon Pirri.
2:42 of 1st period - Stopped by Marek Mazanek without a rebound.
2:43 of 1st period - Vincent Trocheck wins face-off versus Colton Sissons in Sewer Rats zone.
2:50 of 1st period - Snap shot by Jonathan Huberdeau.
2:50 of 1st period - Stopped by Anton Forsberg with a rebound.
2:52 of 1st period - Backhand shot by Vincent Trocheck.
2:52 of 1st period - Shot Blocked by Steve McCarthy.
2:54 of 1st period - Slapshot by Xavier Ouellet.
2:54 of 1st period - Goal by Xavier Ouellet - Sewer Rats : 1 - Harfangs : 0.
2:55 of 1st period - Jonathan Marchessault wins face-off versus Jimmy Hayes in neutral zone.
2:58 of 1st period - Slapshot by Steven Kampfer.
2:58 of 1st period - Stopped by Anton Forsberg with a rebound.
3:02 of 1st period - Snap shot by Jonathan Marchessault.
3:02 of 1st period - Shot Misses the Net.
3:04 of 1st period - Wrist shot by Ville Leino.
3:04 of 1st period - Stopped by Anton Forsberg with a rebound.
3:08 of 1st period - Wrist shot by Ville Leino.
3:08 of 1st period - Shot Blocked by Victor Bartley.
3:43 of 1st period - Ryan Murphy is hit by Dylan Olsen and loses puck.
4:36 of 1st period - Snap shot by Andreas Martinsen.
4:36 of 1st period - Shot Misses the Net.
4:46 of 1st period - Victor Bartley is hit by Jonathan Huberdeau.
5:12 of 1st period - Snap shot by Jonathan Huberdeau.
5:12 of 1st period - Stopped by Anton Forsberg without a rebound.
5:13 of 1st period - Jonathan Marchessault wins face-off versus Oscar Sundqvist in Harfangs zone.
5:18 of 1st period - Wrist shot by Ville Leino.
5:18 of 1st period - Shot Misses the Net.
5:20 of 1st period - Slapshot by Jonathan Marchessault.
5:20 of 1st period - Stopped by Anton Forsberg without a rebound.
5:21 of 1st period - Oscar Sundqvist wins face-off versus Jonathan Marchessault in Harfangs zone.
5:45 of 1st period - Off-side.
5:46 of 1st period - Vincent Trocheck wins face-off versus Cody Eakin in neutral zone.
6:13 of 1st period - Erik Condra is hit by Mark Alt and loses puck.
6:36 of 1st period - Wrist shot by Andreas Martinsen.
6:36 of 1st period - Stopped by Marek Mazanek with a rebound.
8:02 of 1st period - Slapshot by Steven Kampfer.
8:02 of 1st period - Stopped by Anton Forsberg without a rebound.
8:03 of 1st period - Calle Jarnkrok wins face-off versus Vincent Trocheck in Harfangs zone.
8:12 of 1st period - Wrist shot by Brandon Pirri.
8:12 of 1st period - Stopped by Marek Mazanek with a rebound.
8:14 of 1st period - Wrist shot by Dustin Jeffrey.
8:14 of 1st period - Shot Misses the Net.
8:16 of 1st period - Wrist shot by Brandon Pirri.
8:16 of 1st period - Stopped by Marek Mazanek with a rebound.
8:18 of 1st period - Snap shot by Brandon Pirri.
8:18 of 1st period - Goal by Brandon Pirri - Sewer Rats : 1 - Harfangs : 1.
8:19 of 1st period - Vincent Trocheck wins face-off versus Cody Eakin in neutral zone.
8:26 of 1st period - Snap shot by Mark Mancari.
8:26 of 1st period - Deflect By Jonathan Huberdeau.
8:26 of 1st period - Stopped by Anton Forsberg with a rebound.
8:32 of 1st period - Mark Mancari is hit by Jimmy Hayes and loses puck.
8:45 of 1st period - Jarred Tinordi is hit by Brandon Pirri and loses puck.
9:23 of 1st period - Icing by Dylan Olsen.
9:24 of 1st period - Nick Cousins wins face-off versus Oscar Sundqvist in Harfangs zone.
9:29 of 1st period - Wrist shot by Dmitrij Jaskin.
9:29 of 1st period - Stopped by Anton Forsberg with a rebound.
9:31 of 1st period - Slapshot by John Ramage.
9:31 of 1st period - Stopped by Anton Forsberg without a rebound.
9:32 of 1st period - Jimmy Hayes wins face-off versus Vincent Trocheck in Harfangs zone.
9:34 of 1st period - Icing by Cody Eakin.
9:35 of 1st period - Jonathan Huberdeau wins face-off versus Cody Eakin in Harfangs zone.
10:36 of 1st period - Minor Penalty to William Karlsson for Hooking.
10:37 of 1st period - Cody Eakin wins face-off versus Ville Leino in Sewer Rats zone.
10:38 of 1st period - Wrist shot by Jimmy Hayes.
10:38 of 1st period - Shot Blocked by Ville Leino.
10:40 of 1st period - Snap shot by Steve McCarthy.
10:40 of 1st period - Stopped by Marek Mazanek with a rebound.
11:27 of 1st period - Icing by Cody Eakin.
11:28 of 1st period - Cody Eakin wins face-off versus Martin Frk in Harfangs zone.
11:55 of 1st period - Snap shot by Brandon Pirri.
11:55 of 1st period - Shot Misses the Net.
12:36 of 1st period - Penalty to William Karlsson is over, William Karlsson is back on ice.
12:37 of 1st period - Snap shot by Jonathan Huberdeau.
12:37 of 1st period - Shot Misses the Net.
12:57 of 1st period - Snap shot by Andreas Martinsen.
12:57 of 1st period - Stopped by Marek Mazanek with a rebound.
12:59 of 1st period - Snap shot by Oscar Sundqvist.
12:59 of 1st period - Shot Misses the Net.
13:09 of 1st period - Anthony Duclair is hit by Jimmy Hayes and loses puck.
15:08 of 1st period - Icing by Ryan Murphy.
15:09 of 1st period - Oscar Sundqvist wins face-off versus Ville Leino in Sewer Rats zone.
15:12 of 1st period - Snap shot by Andreas Martinsen.
15:12 of 1st period - Stopped by Marek Mazanek with a rebound.
15:14 of 1st period - Slapshot by Steve McCarthy.
15:14 of 1st period - Deflect By Ryan Hartman.
15:14 of 1st period - Goal by Ryan Hartman - Sewer Rats : 1 - Harfangs : 2.
15:15 of 1st period - Cody Eakin wins face-off versus Vincent Trocheck in neutral zone.
15:18 of 1st period - Slapshot by Steve McCarthy.
15:18 of 1st period - Stopped by Marek Mazanek without a rebound.
15:19 of 1st period - Vincent Trocheck wins face-off versus Michael Bournival in Sewer Rats zone.
15:21 of 1st period - Penalty Shot by Mark Mancari for Sewer Rats.
15:21 of 1st period - Deke by Mark Mancari.
15:21 of 1st period - Goal by Mark Mancari - Sewer Rats : 2 - Harfangs : 2.
15:22 of 1st period - Vincent Trocheck wins face-off versus Cody Eakin in neutral zone.
15:23 of 1st period - Cody Eakin wins face-off versus Vincent Trocheck in Sewer Rats zone.
15:23 of 1st period - Snap shot by Jimmy Hayes.
15:23 of 1st period - Deflect By Michael Bournival.
15:23 of 1st period - Stopped by Marek Mazanek without a rebound.
15:24 of 1st period - Vincent Trocheck wins face-off versus Cody Eakin in Sewer Rats zone.
16:57 of 1st period - Minor Penalty to Calle Jarnkrok for Hooking.
16:58 of 1st period - Mark Mancari wins face-off versus Jimmy Hayes in Harfangs zone.
17:08 of 1st period - Snap shot by Mark Mancari.
17:08 of 1st period - Shot Hit the Post.
17:10 of 1st period - Snap shot by Matt Lashoff.
17:10 of 1st period - Shot Misses the Net.
17:12 of 1st period - Slapshot by Matt Lashoff.
17:12 of 1st period - Shot Misses the Net.
17:14 of 1st period - Snap shot by Vincent Trocheck.
17:14 of 1st period - Sewer Rats goal is going for a video replay.
17:14 of 1st period - The goal is refused. The net was displaced accidentally..
17:15 of 1st period - Jimmy Hayes wins face-off versus Vincent Trocheck in Harfangs zone.
17:28 of 1st period - Wrist shot by Ville Leino.
17:28 of 1st period - Shot Blocked by Steve McCarthy.
17:48 of 1st period - Snap shot by Jonathan Huberdeau.
17:48 of 1st period - Goal by Jonathan Huberdeau - Sewer Rats : 3 - Harfangs : 2.
17:49 of 1st period - Vincent Trocheck wins face-off versus Cody Eakin in neutral zone.
17:49 of 1st period - Jonathan Huberdeau is hit by Michael Bournival and loses puck.
17:54 of 1st period - Snap shot by Michael Bournival.
17:54 of 1st period - Shot Misses the Net.
17:58 of 1st period - Wrist shot by Cody Eakin.
17:58 of 1st period - Shot Blocked by Steven Kampfer.
18:00 of 1st period - Backhand shot by Victor Bartley.
18:00 of 1st period - Shot Misses the Net.
18:02 of 1st period - Snap shot by Jimmy Hayes.
18:02 of 1st period - Stopped by Marek Mazanek without a rebound.
18:03 of 1st period - Cody Eakin wins face-off versus Vincent Trocheck in Sewer Rats zone.
18:04 of 1st period - Wrist shot by Jimmy Hayes.
18:04 of 1st period - Stopped by Marek Mazanek without a rebound.
18:05 of 1st period - Cody Eakin wins face-off versus Vincent Trocheck in Sewer Rats zone.
18:36 of 1st period - Wrist shot by Jonathan Marchessault.
18:36 of 1st period - Stopped by Anton Forsberg with a rebound.
18:38 of 1st period - Slapshot by Steven Kampfer.
18:38 of 1st period - Goal by Steven Kampfer - Sewer Rats : 4 - Harfangs : 2.
18:38 of 1st period - Mark Visentin enters game.
18:39 of 1st period - Cody Eakin wins face-off versus Vincent Trocheck in neutral zone.
18:50 of 1st period - Slapshot by Michael Bournival.
18:50 of 1st period - Stopped by Marek Mazanek with a rebound.
19:35 of 1st period - Wrist shot by Nick Cousins.
19:35 of 1st period - Stopped by Mark Visentin without a rebound.
19:36 of 1st period - Vincent Trocheck wins face-off versus Cody Eakin in Harfangs zone.
19:41 of 1st period - Snap shot by Jonathan Huberdeau.
19:41 of 1st period - Stopped by Mark Visentin with a rebound.
19:51 of 1st period - Slapshot by Mark Mancari.
19:51 of 1st period - Shot Misses the Net.
Goals for this period are 4 for Sewer Rats vs 2 for Harfangs.
Shots for this period are 16 for Sewer Rats vs 17 for Harfangs.
2nd period
0:01 of 2nd period - Cody Eakin wins face-off versus Vincent Trocheck in neutral zone.
0:12 of 2nd period - Snap shot by Cody Eakin.
0:12 of 2nd period - Stopped by Marek Mazanek with a rebound.
0:14 of 2nd period - Slapshot by Mark Alt.
0:14 of 2nd period - Stopped by Marek Mazanek with a rebound.
0:16 of 2nd period - Slapshot by Mark Alt.
0:16 of 2nd period - Stopped by Marek Mazanek with a rebound.
1:13 of 2nd period - Wrist shot by Erik Condra.
1:13 of 2nd period - Stopped by Mark Visentin without a rebound.
1:14 of 2nd period - Cody Eakin wins face-off versus William Karlsson in Harfangs zone.
1:27 of 2nd period - Backhand shot by Daniel Carr.
1:27 of 2nd period - Stopped by Mark Visentin with a rebound.
1:29 of 2nd period - Wrist shot by Erik Condra.
1:29 of 2nd period - Stopped by Mark Visentin without a rebound.
1:30 of 2nd period - Calle Jarnkrok wins face-off versus Jonathan Huberdeau in Harfangs zone.
1:35 of 2nd period - Mark Mancari is hit by Dustin Jeffrey and loses puck.
1:46 of 2nd period - Snap shot by Dustin Jeffrey.
1:46 of 2nd period - Shot Misses the Net.
1:56 of 2nd period - Victor Bartley is hit by Jonathan Marchessault and loses puck.
2:07 of 2nd period - Snap shot by Ville Leino.
2:07 of 2nd period - Stopped by Mark Visentin without a rebound.
2:08 of 2nd period - Calle Jarnkrok wins face-off versus William Karlsson in Harfangs zone.
2:15 of 2nd period - Snap shot by Brandon Pirri.
2:15 of 2nd period - Stopped by Marek Mazanek without a rebound.
2:16 of 2nd period - Calle Jarnkrok wins face-off versus William Karlsson in Sewer Rats zone.
2:27 of 2nd period - Wrist shot by Brandon Pirri.
2:27 of 2nd period - Shot Misses the Net.
3:05 of 2nd period - Minor Penalty to Mark Mancari for Holding.
3:06 of 2nd period - Jimmy Hayes wins face-off versus Ville Leino in Sewer Rats zone.
3:31 of 2nd period - Dustin Jeffrey is hit by Jonathan Huberdeau.
3:37 of 2nd period - Jonathan Huberdeau is hit by Dylan Olsen and loses puck.
4:27 of 2nd period - Icing by Dustin Jeffrey.
4:28 of 2nd period - Vincent Trocheck wins face-off versus Calle Jarnkrok in Harfangs zone.
5:05 of 2nd period - Penalty to Mark Mancari is over, Mark Mancari is back on ice.
5:19 of 2nd period - Snap shot by Anthony Duclair.
5:19 of 2nd period - Shot Misses the Net.
5:55 of 2nd period - Snap shot by Jonathan Marchessault.
5:55 of 2nd period - Shot Blocked by Jake Dotchin.
6:27 of 2nd period - Erik Nystrom is hit by Dmitrij Jaskin and loses puck.
6:46 of 2nd period - Slapshot by Matt Lashoff.
6:46 of 2nd period - Stopped by Mark Visentin without a rebound.
6:47 of 2nd period - Calle Jarnkrok wins face-off versus Jonathan Marchessault in Harfangs zone.
7:01 of 2nd period - Snap shot by Dustin Jeffrey.
7:01 of 2nd period - Shot Blocked by Ville Leino.
7:03 of 2nd period - Slapshot by Dylan Olsen.
7:03 of 2nd period - Shot Misses the Net.
7:13 of 2nd period - Andreas Martinsen is hit by Mark Mancari.
7:29 of 2nd period - Minor Penalty to John Ramage for Roughing.
7:30 of 2nd period - Jimmy Hayes wins face-off versus Ville Leino in Sewer Rats zone.
8:06 of 2nd period - Off-side.
8:07 of 2nd period - Cody Eakin wins face-off versus Ville Leino in neutral zone.
8:12 of 2nd period - Wrist shot by Jimmy Hayes.
8:12 of 2nd period - Goal by Jimmy Hayes - Sewer Rats : 4 - Harfangs : 3.
8:13 of 2nd period - Cody Eakin wins face-off versus Vincent Trocheck in neutral zone.
8:31 of 2nd period - Vincent Trocheck is hit by Jimmy Hayes and loses puck.
9:08 of 2nd period - Slapshot by Martin Frk.
9:08 of 2nd period - Shot Misses the Net.
9:34 of 2nd period - Snap shot by Dmitrij Jaskin.
9:34 of 2nd period - Goal by Dmitrij Jaskin - Sewer Rats : 5 - Harfangs : 3.
9:35 of 2nd period - Calle Jarnkrok wins face-off versus Vincent Trocheck in neutral zone.
10:00 of 2nd period - Jonathan Marchessault is hit by Cody Eakin and loses puck.
10:13 of 2nd period - Michael Bournival is hit by Ville Leino and loses puck.
10:49 of 2nd period - Minor Penalty to Nick Cousins for Interference.
10:50 of 2nd period - Cody Eakin wins face-off versus Ville Leino in Sewer Rats zone.
10:52 of 2nd period - Wrist shot by Michael Bournival.
10:52 of 2nd period - Stopped by Marek Mazanek with a rebound.
11:16 of 2nd period - Calle Jarnkrok is hit by Jonathan Huberdeau and loses puck.
11:53 of 2nd period - Calle Jarnkrok is hit by Jarred Tinordi and loses puck.
12:49 of 2nd period - Penalty to Nick Cousins is over, Nick Cousins is back on ice.
13:20 of 2nd period - Slapshot by Jujhar Khaira.
13:20 of 2nd period - Stopped by Marek Mazanek without a rebound.
13:21 of 2nd period - Colton Sissons wins face-off versus William Karlsson in Sewer Rats zone.
13:32 of 2nd period - Snap shot by Jujhar Khaira.
13:32 of 2nd period - Stopped by Marek Mazanek with a rebound.
13:34 of 2nd period - Slapshot by Reid McNeill.
13:34 of 2nd period - Stopped by Marek Mazanek with a rebound.
13:50 of 2nd period - Wrist shot by Anthony Duclair.
13:50 of 2nd period - Goal by Anthony Duclair - Sewer Rats : 6 - Harfangs : 3.
13:51 of 2nd period - Cody Eakin wins face-off versus Vincent Trocheck in neutral zone.
13:56 of 2nd period - Wrist shot by Michael Bournival.
13:56 of 2nd period - Stopped by Marek Mazanek with a rebound.
15:39 of 2nd period - Dustin Jeffrey is hit by Martin Frk and loses puck.
17:19 of 2nd period - Penalty Shot by Mark Mancari for Sewer Rats.
17:19 of 2nd period - Wrist shot by Mark Mancari.
17:19 of 2nd period - Shot Misses the Net.
17:20 of 2nd period - Calle Jarnkrok wins face-off versus Jonathan Marchessault in Sewer Rats zone.
17:25 of 2nd period - Snap shot by Brandon Pirri.
17:25 of 2nd period - Shot Misses the Net.
17:27 of 2nd period - Slapshot by Dylan Olsen.
17:27 of 2nd period - Goal by Dylan Olsen - Sewer Rats : 6 - Harfangs : 4.
17:28 of 2nd period - Cody Eakin wins face-off versus Vincent Trocheck in neutral zone.
17:38 of 2nd period - Wrist shot by Michael Bournival.
17:38 of 2nd period - Stopped by Marek Mazanek with a rebound.
18:19 of 2nd period - Snap shot by Erik Condra.
18:19 of 2nd period - Shot Misses the Net.
18:21 of 2nd period - Slapshot by Jarred Tinordi.
18:21 of 2nd period - Shot Misses the Net.
18:23 of 2nd period - Snap shot by Daniel Carr.
18:23 of 2nd period - Stopped by Mark Visentin without a rebound.
18:24 of 2nd period - Cody Eakin wins face-off versus Vincent Trocheck in Harfangs zone.
18:30 of 2nd period - Icing by Cody Eakin.
18:31 of 2nd period - Vincent Trocheck wins face-off versus Cody Eakin in Harfangs zone.
19:20 of 2nd period - Michael Bournival is hit by Jonathan Huberdeau and loses puck.
19:37 of 2nd period - Victor Bartley is hit by Vincent Trocheck and loses puck.
19:54 of 2nd period - Snap shot by Mark Mancari.
19:54 of 2nd period - Stopped by Mark Visentin with a rebound.
Goals for this period are 2 for Sewer Rats vs 2 for Harfangs.
Shots for this period are 9 for Sewer Rats vs 12 for Harfangs.
3rd period
0:01 of 3rd period - Cody Eakin wins face-off versus Jonathan Marchessault in neutral zone.
0:32 of 3rd period - Wrist shot by Calle Jarnkrok.
0:32 of 3rd period - Stopped by Marek Mazanek with a rebound.
0:34 of 3rd period - Backhand shot by Calle Jarnkrok.
0:34 of 3rd period - Deflect By Dustin Jeffrey.
0:34 of 3rd period - Shot Misses the Net.
0:34 of 3rd period - Puck is out of play.
0:35 of 3rd period - Cody Eakin wins face-off versus Vincent Trocheck in Sewer Rats zone.
1:13 of 3rd period - Wrist shot by Brandon Pirri.
1:13 of 3rd period - Shot Misses the Net.
1:29 of 3rd period - Slapshot by Andreas Martinsen.
1:29 of 3rd period - Stopped by Marek Mazanek with a rebound.
1:43 of 3rd period - John Ramage is hit by Jimmy Hayes and loses puck.
2:35 of 3rd period - Matt Lashoff is hit by Andreas Martinsen and loses puck.
2:54 of 3rd period - Snap shot by Michael Bournival.
2:54 of 3rd period - Deflect By Daniel Carr.
2:54 of 3rd period - Stopped by Marek Mazanek with a rebound.
3:42 of 3rd period - Snap shot by William Karlsson.
3:42 of 3rd period - Shot Blocked by Zac Leslie.
3:44 of 3rd period - Slapshot by John Ramage.
3:44 of 3rd period - Shot Misses the Net.
4:00 of 3rd period - Mark Mancari is hit by Brandon Pirri and loses puck.
5:20 of 3rd period - Michael Bournival is hit by Joel Edmundson.
5:26 of 3rd period - Wrist shot by Michael Bournival.
5:26 of 3rd period - Deflect By Cody Eakin.
5:26 of 3rd period - Stopped by Marek Mazanek with a rebound.
5:32 of 3rd period - Wrist shot by Jonathan Marchessault.
5:32 of 3rd period - Deflect By Michael Bournival.
5:32 of 3rd period - Stopped by Mark Visentin with a rebound.
5:34 of 3rd period - Snap shot by Ville Leino.
5:34 of 3rd period - Stopped by Mark Visentin without a rebound.
5:35 of 3rd period - Vincent Trocheck wins face-off versus Brandon Pirri in Harfangs zone.
5:36 of 3rd period - Wrist shot by Jonathan Huberdeau.
5:36 of 3rd period - Deflect By Dustin Jeffrey.
5:36 of 3rd period - Shot Blocked by Reid McNeill.
5:36 of 3rd period - Puck is out of play.
5:37 of 3rd period - Vincent Trocheck wins face-off versus Calle Jarnkrok in Harfangs zone.
5:43 of 3rd period - Icing by Mark Alt.
5:44 of 3rd period - Vincent Trocheck wins face-off versus Calle Jarnkrok in Harfangs zone.
5:47 of 3rd period - Snap shot by Vincent Trocheck.
5:47 of 3rd period - Stopped by Mark Visentin with a rebound.
5:53 of 3rd period - Matt Lashoff is hit by Dylan Olsen.
6:00 of 3rd period - Minor Penalty to Matt Lashoff for Hooking.
6:01 of 3rd period - Calle Jarnkrok wins face-off versus Ville Leino in Sewer Rats zone.
6:11 of 3rd period - Snap shot by Dustin Jeffrey.
6:11 of 3rd period - Shot Misses the Net.
6:36 of 3rd period - Slapshot by Steve McCarthy.
6:36 of 3rd period - Goal by Steve McCarthy - Sewer Rats : 6 - Harfangs : 5.
6:37 of 3rd period - Vincent Trocheck wins face-off versus Cody Eakin in neutral zone.
7:15 of 3rd period - Snap shot by Calle Jarnkrok.
7:15 of 3rd period - Goal by Calle Jarnkrok - Sewer Rats : 6 - Harfangs : 6.
7:16 of 3rd period - Vincent Trocheck wins face-off versus Cody Eakin in neutral zone.
7:27 of 3rd period - Snap shot by Cody Eakin.
7:27 of 3rd period - Goal by Cody Eakin - Sewer Rats : 6 - Harfangs : 7.
7:28 of 3rd period - Vincent Trocheck wins face-off versus Cody Eakin in neutral zone.
7:35 of 3rd period - Minor Penalty to Vincent Trocheck for Slashing.
7:36 of 3rd period - Ville Leino wins face-off versus Cody Eakin in Sewer Rats zone.
7:45 of 3rd period - Off-side.
7:46 of 3rd period - Jimmy Hayes wins face-off versus Ville Leino in neutral zone.
7:49 of 3rd period - Slapshot by Victor Bartley.
7:49 of 3rd period - Deflect By Cody Eakin.
7:49 of 3rd period - Stopped by Marek Mazanek without a rebound.
7:50 of 3rd period - Ville Leino wins face-off versus Cody Eakin in Sewer Rats zone.
8:00 of 3rd period - Off-side.
8:01 of 3rd period - Cody Eakin wins face-off versus Ville Leino in neutral zone.
8:14 of 3rd period - Slapshot by Steve McCarthy.
8:14 of 3rd period - Shot Blocked by Matt Lashoff.
8:22 of 3rd period - Minor Penalty to Ville Leino for Hooking.
8:23 of 3rd period - Cody Eakin wins face-off versus Martin Frk in Sewer Rats zone.
8:55 of 3rd period - Slapshot by Mark Alt.
8:55 of 3rd period - Shot Misses the Net.
9:35 of 3rd period - Penalty to Vincent Trocheck is over, Vincent Trocheck is back on ice.
10:09 of 3rd period - Mark Alt is hit by Mark Mancari and loses puck.
10:22 of 3rd period - Penalty to Ville Leino is over, Ville Leino is back on ice.
10:32 of 3rd period - Wrist shot by Andreas Martinsen.
10:32 of 3rd period - Stopped by Marek Mazanek with a rebound.
11:59 of 3rd period - Matt Lashoff is hit by Mark Alt and loses puck.
13:38 of 3rd period - Wrist shot by Vincent Trocheck.
13:38 of 3rd period - Stopped by Mark Visentin with a rebound.
15:15 of 3rd period - Off-side.
15:16 of 3rd period - Vincent Trocheck wins face-off versus Oscar Sundqvist in neutral zone.
15:16 of 3rd period - Jonathan Huberdeau is hit by Victor Bartley and loses puck.
15:19 of 3rd period - Minor Penalty to Andreas Martinsen for Hooking.
15:20 of 3rd period - Vincent Trocheck wins face-off versus Jimmy Hayes in Harfangs zone.
15:21 of 3rd period - Wrist shot by Ville Leino.
15:21 of 3rd period - Stopped by Mark Visentin without a rebound.
15:22 of 3rd period - Jimmy Hayes wins face-off versus Vincent Trocheck in Harfangs zone.
15:51 of 3rd period - Victor Bartley is hit by Matt Lashoff and loses puck.
16:50 of 3rd period - Jimmy Hayes is hit by Ville Leino and loses puck.
17:19 of 3rd period - Penalty to Andreas Martinsen is over, Andreas Martinsen is back on ice.
18:40 of 3rd period - Icing by Connor Carrick.
18:41 of 3rd period - Calle Jarnkrok wins face-off versus Daniel Carr in Sewer Rats zone.
19:04 of 3rd period - Sewer Rats, Marek Mazanek is pulled from the net.
19:14 of 3rd period - Snap shot by Ville Leino.
19:14 of 3rd period - Stopped by Mark Visentin with a rebound.
19:16 of 3rd period - Wrist shot by Ville Leino.
19:16 of 3rd period - Shot Misses the Net.
19:18 of 3rd period - Snap shot by Vincent Trocheck.
19:18 of 3rd period - Goal by Vincent Trocheck - Sewer Rats : 7 - Harfangs : 7.
19:18 of 3rd period - Marek Mazanek from Sewer Rats was sent back in the game.
19:19 of 3rd period - Oscar Sundqvist wins face-off versus Daniel Carr in neutral zone.
19:24 of 3rd period - Wrist shot by Andreas Martinsen.
19:24 of 3rd period - Deflect By Oscar Sundqvist.
19:24 of 3rd period - Shot Misses the Net.
19:24 of 3rd period - Puck is out of play.
19:25 of 3rd period - Daniel Carr wins face-off versus Oscar Sundqvist in Sewer Rats zone.
19:34 of 3rd period - Slapshot by Andreas Martinsen.
19:34 of 3rd period - Stopped by Marek Mazanek without a rebound.
19:35 of 3rd period - Colton Sissons wins face-off versus William Karlsson in Sewer Rats zone.
19:45 of 3rd period - Matt Lashoff is hit by Victor Bartley and loses puck.
19:53 of 3rd period - Icing by Jimmy Hayes.
19:54 of 3rd period - Jonathan Marchessault wins face-off versus Colton Sissons in Harfangs zone.
Goals for this period are 1 for Sewer Rats vs 3 for Harfangs.
Shots for this period are 7 for Sewer Rats vs 10 for Harfangs.
Overtime #1
0:01 of 1st overtime period - Jimmy Hayes wins face-off versus Ville Leino in neutral zone.
0:15 of 1st overtime period - Minor Penalty to Mark Mancari for Slashing.
0:16 of 1st overtime period - Ville Leino wins face-off versus Jimmy Hayes in Sewer Rats zone.
1:02 of 1st overtime period - Joel Edmundson is hit by Michael Bournival and loses puck.
2:15 of 1st overtime period - Penalty to Mark Mancari is over, Mark Mancari is back on ice.
3:02 of 1st overtime period - Dylan Olsen is hit by Jonathan Huberdeau and loses puck.
3:15 of 1st overtime period - Erik Nystrom is hit by Erik Condra and loses puck.
4:06 of 1st overtime period - Slapshot by Jonathan Huberdeau.
4:06 of 1st overtime period - Shot Misses the Net.
4:12 of 1st overtime period - Snap shot by Dylan Olsen.
4:12 of 1st overtime period - Shot Misses the Net.
4:14 of 1st overtime period - Slapshot by Mark Alt.
4:14 of 1st overtime period - Shot Misses the Net.
4:16 of 1st overtime period - Slapshot by Mark Alt.
4:16 of 1st overtime period - Stopped by Marek Mazanek with a rebound.
4:18 of 1st overtime period - Slapshot by Mark Alt.
4:18 of 1st overtime period - Shot Misses the Net.
4:20 of 1st overtime period - Snap shot by Mark Alt.
4:20 of 1st overtime period - Stopped by Marek Mazanek without a rebound.
4:21 of 1st overtime period - Ville Leino wins face-off versus Jimmy Hayes in Sewer Rats zone.
4:28 of 1st overtime period - Victor Bartley is hit by Jarred Tinordi and loses puck.
Goals for this period are 0 for Sewer Rats vs 0 for Harfangs.
Shots for this period are 0 for Sewer Rats vs 2 for Harfangs.
ShootOut
5:00 of 1st overtime period - Round #1.
5:00 of 1st overtime period - Sewer Rats, Ville Leino.
5:00 of 1st overtime period - Snap shot by Ville Leino.
5:00 of 1st overtime period - Stopped by Mark Visentin.
5:00 of 1st overtime period - Harfangs, Jimmy Hayes.
5:00 of 1st overtime period - Deke by Jimmy Hayes.
5:00 of 1st overtime period - Stopped by Marek Mazanek.
5:00 of 1st overtime period - Round #2.
5:00 of 1st overtime period - Sewer Rats, Mark Mancari.
5:00 of 1st overtime period - Wrist shot by Mark Mancari.
5:00 of 1st overtime period - Stopped by Mark Visentin.
5:00 of 1st overtime period - Harfangs, Cody Eakin.
5:00 of 1st overtime period - Backhand shot by Cody Eakin.
5:00 of 1st overtime period - Stopped by Marek Mazanek.
5:00 of 1st overtime period - Round #3.
5:00 of 1st overtime period - Sewer Rats, Erik Condra.
5:00 of 1st overtime period - Deke by Erik Condra.
5:00 of 1st overtime period - Goal by Erik Condra.
5:00 of 1st overtime period - Harfangs, Michael Bournival.
5:00 of 1st overtime period - Wrist shot by Michael Bournival.
5:00 of 1st overtime period - Goal by Michael Bournival.
5:00 of 1st overtime period - Round #4.
5:00 of 1st overtime period - Sewer Rats, Jonathan Huberdeau.
5:00 of 1st overtime period - Deke by Jonathan Huberdeau.
5:00 of 1st overtime period - Goal by Jonathan Huberdeau.
5:00 of 1st overtime period - Harfangs, Dustin Jeffrey.
5:00 of 1st overtime period - Snap shot by Dustin Jeffrey.
5:00 of 1st overtime period - Shot Misses the Net.
Back to the Top